 Dungeon Crawl Stone Soup version 0.27-a0-1312-g5cdb2b3542 (webtiles) character file.

Game seed: 11945996151945703660

84 akrivosticles the Insei (level 4, -2/37 HPs)
             Began as a Draconian Transmuter on June 19, 2021.
             Frozen to death by an endoplasm (3 damage)
             ... on level 4 of the Dungeon.
             The game lasted 00:07:44 (3215 turns).

akrivosticles the Insei (Draconian Transmuter)      Turns: 3215, Time: 00:07:46

Health: -2/37      AC:  8    Str: 12    XL:     4   Next: 23%
Magic:  7/7        EV: 12    Int: 14    God:
Gold:   190        SH:  0    Dex: 12    Spells: 4/7 levels left

rFire    . . .     SeeInvis .     - Unarmed
rCold    . . .     Faith    .   (no shield)
rNeg     . . .     Spirit   .   (armour unavailable)
rPois    .         Reflect  .   (helmet restricted)
rElec    .         Harm     .   (no cloak)
rCorr    .         Rampage  .   (no gloves)
Will     .....                  j - +2 pair of boots
Stlth    +.........             (no amulet)
HPRegen  0.12/turn              (no ring)
MPRegen  0.10/turn              (no ring)

@: lethally poisoned (-2 -> -6), slowed, very slow
A: AC +5, unfitting armour, cold-blooded
a: no special abilities


You were on level 4 of the Dungeon.
You visited 1 branch of the dungeon, and saw 4 of its levels.

You collected 190 gold pieces.

Inventory:

Hand Weapons
 f - a +2 short sword of freezing
Missiles
 b - 13 poisoned darts
 c - 14 curare-tipped darts (quivered)
Armour
 j - a +2 pair of boots (worn)
Jewellery
 d - a ring of see invisible
Scrolls
 a - 2 scrolls of identify {unknown}
 h - a scroll of enchant weapon {unknown}
 i - a scroll of vulnerability {unknown}
 k - 2 scrolls of teleportation {unknown}
 m - a scroll of torment {unknown}
 n - 3 scrolls of immolation {unknown}
Potions
 l - a potion of lignification {unknown}
 o - a potion of heal wounds {unknown}


   Skills:
 + Level 2.7 Fighting
 - Level 1.7 Dodging
 + Level 3.8 Unarmed Combat
 - Level 2.0 Spellcasting
 + Level 3.0 Transmutations


You had 4 spell levels left.
You knew the following spells:

 Your Spells              Type           Power      Damage    Failure   Level
a - Beastly Appendage     Tmut           20%        N/A       7%          1
b - Wereblood             Tmut           10%        N/A       11%         2

Your spell library contained the following spells:

 Spells                   Type           Power      Damage    Failure   Level
 Corona                   Hex            1%         N/A       24%         1
 Slow                     Hex            1%         N/A       34%         2
 Spider Form              Tmut/Pois      2%         N/A       36%         3
 Inner Flame              Hex/Fire       1%         N/A       56%         3
 Portal Projectile        Hex/Tloc       2%         N/A       56%         3
 Ice Form                 Ice/Tmut       5%         N/A       77%         4
 Cause Fear               Hex            0%         N/A       93%         4
 Leda's Liquefaction      Hex/Erth       0%         N/A       93%         4


Dungeon Overview and Level Annotations

Branches:
Dungeon (4/15)
 Temple: D:4-7

Altars:
Uskayaw
The Shining One


Innate Abilities, Weirdness & Mutations

Your plain brown scales are hard. (AC +5)
You cannot fit into any form of body armour.
You are cold-blooded and may be slowed by cold attacks.


Message History

The orc wizard hits you with a +0 dagger of venom.
* * * LOW HITPOINT WARNING * * *
The orc hits you but does no damage.
You feel better. The orc wizard barely misses you. The orc misses you.
It was a potion of cancellation.
Your magical effects are unravelling.
You feel magically purged.
Your horns disappear.
Your talons disappear.
Your +2 pair of boots unmelds from your body.
Your primal bloodlust has ended.
The orc wizard hits you with a +0 dagger of venom.
* * * LOW HITPOINT WARNING * * *
You are lethally poisoned!
The orc hits you but does no damage. What are your orders? t - Shout!
Orders for allies: a - Attack new target. r - Retreat! s - Stop attacking. g - Guard the area. f - Follow me.
Anything else - Cancel.
Okay, then.
You hit the orc but do no damage.
* * * LOW HITPOINT WARNING * * *
You feel sick. The endoplasm closely misses you.
The orc wizard closely misses you. The orc hits you but does no damage.
You hit the orc but do no damage.
* * * LOW HITPOINT WARNING * * *
You feel sick. The endoplasm freezes you.
You are frozen.
* * * LOW HITPOINT WARNING * * *
You feel yourself slow down.
The orc wizard hits you but does no damage.
You closely miss the orc.
You tail-slap the orc, but do no damage.
* * * LOW HITPOINT WARNING * * *
You feel sick. The orc barely misses you. The endoplasm freezes you.
You are frozen.
You die...

#####. ...... #.......###
# #......... # #........#
# #........# #
#........## ..#
#..<...... ... #....oJo#
.## .. ##.....@.#
..###.............# #
..##.# #..####.##
###.##.# ##......####
.##.##.# #####.....#####
..#..#.# ##.##.#...#
#..#.#.#########.##.....#
##.....#...........)....#
###....#.#######..###...#


You could see an orc wizard, an orc and an endoplasm.

Vanquished Creatures
  An orc priest (D:4)
  An adder (D:2)
  A worm (D:3)
  A dart slug (D:4)
  2 orcs
  2 bats (D:2)
  6 endoplasms
  A giant cockroach (D:1)
  3 goblins
  3 jackals (D:2)
  5 kobolds
  2 quokkas (D:1)
  6 ball pythons
  A frilled lizard (D:3)
  A rat (D:2)
36 creatures vanquished.

Notes
Turn   | Place    | Note
-------+----------+-------------------------------------------
     0 | D:1      | akrivosticles the Draconian Transmuter began the quest for
                  | the Orb.
     0 | D:1      | Reached XP level 1. HP: 16/16 MP: 3/3
   307 | D:1      | Noticed a floating eye
   319 | D:1      | Found a faded altar of an unknown god.
   321 | D:1      | Noticed a golden eye
   321 | D:1      | Noticed a golden eye
   322 | D:1      | Noticed a golden eye
   476 | D:1      | Reached XP level 2. HP: 23/23 MP: 3/5
  1729 | D:2      | Found a hide-covered altar of Uskayaw.
  1934 | D:2      | Learned a level 2 spell: Wereblood
  1969 | D:2      | Reached XP level 3. HP: 19/29 MP: 2/6
  2692 | D:3      | Found a glowing golden altar of the Shining One.
  3206 | D:4      | Reached XP level 4. HP: 15/37 MP: 1/7
  3215 | D:4      | HP: 1/37 [poisoned by an orc wizard]
  3215 | D:4      | Frozen to death by an endoplasm

Illustrated notes

Levels and vault maps discovered:
D:1:      lemuel_arrival_rhombus, layout_basic,
          hellmonk_ecumenical_altar_watching_god, chequers_hall_statues_wall_a
D:2:      layout_basic, basic_altar
D:3:      layout_loops_cross, lemuel_doored_altar
D:4:      layout_rooms

Skill      XL: |  1  2  3 |
---------------+----------+-----
Fighting       | 2 |  2.7
Transmutations | 3 |  3.0
Dodging        | |  1.7
Unarmed Combat | |  3.8
Spellcasting   | |  2.0

Action                   |  1- 3 |  4- 6 || total
-------------------------+-------+-------++-------
Melee: Unarmed           |   111 |     6 ||   117
       Kick              |    12 |       ||    12
       Tailslap          |    10 |     2 ||    12
       Headbutt          |    10 |     1 ||    11
       Punch             |     1 |       ||     1
Throw: Dart              |     2 |       ||     2
 Cast: Beastly Appendage |    32 |       ||    32
       Wereblood         |     3 |       ||     3
  Use: Potion            |       |     4 ||     4
Armor: Skin              |    36 |     5 ||    41
Dodge: Dodged            |    69 |     8 ||    77

Table legend: (Time is in decaauts)
 A = Elapsed time spent in this place.
 B = Non-inter-level travel time spent in this place.
 C = Inter-level travel time spent in this place.
 D = Time resting spent in this place.
 E = Time spent auto-exploring this place.
 F = Levels seen in this place.
 G = Mean time per level.
                   A        B        C        D        E       F      G
               +--------+--------+--------+--------+--------+-----+--------+
         Total |   3207 |   3114 |     93 |     91 |   2620 |   4 |  801.8 |
       Dungeon |   3207 |   3114 |     93 |     91 |   2620 |   4 |  801.8 |
               +--------+--------+--------+--------+--------+-----+--------+

Top non-repeatable levels by time:
     D:1: 1383 daAuts
     D:2: 1043 daAuts
     D:4: 475 daAuts
     D:3: 305 daAuts
